 Dungeon Crawl Stone Soup version 0.31-a0-321-g19405a7a6a (webtiles) character file.

Game seed: 11116927878999117646

1216 oldriver the Chopper (level 8, -8/53 HPs)
             Began as a Gargoyle Fighter on June 20, 2023.
             Killed by divine providence
             ... invoked by an orc priest
              (9 damage)
             ... on level 6 of the Dungeon on July 18, 2023.
             The game lasted 00:06:55 (5190 turns).

oldriver the Chopper (Gargoyle Fighter)             Turns: 5190, Time: 00:06:56

Health: -8/53      AC: 18    Str: 22    XL:     8   Next: 46%
Magic:  8/8        EV:  9    Int:  9    God:
Gold:   350        SH:  4    Dex:  9    Spells: 7/7 levels left

rFire   + . .        a - +0 war axe
rCold   . . .        c - +0 buckler
rNeg    + + .        b - +0 scale mail
rPois   ∞            g - +2 helmet
rElec   +            i - +0 cloak
rCorr   .            (no gloves)
SInv    .            A - +1 pair of boots
Will    .....        (no amulet) Stlth
                     k - ring of positive energy
HPRegen 0.28/turn    v - ring of protection from fire
MPRegen 0.11/turn

%: no passive effects
@: no status effects
A: sickness immunity, AC +5, negative energy resistance 1, electricity
resistance, torment resistance 1, petrification resistance
a: no special abilities


You were on level 6 of the Dungeon.
You visited 1 branch of the dungeon, and saw 6 of its levels.
You also visited: Ossuary.

You collected 350 gold pieces.

Inventory:

Hand Weapons
 a - a +0 war axe (weapon)
 x - the +11 sling of Ruination {elec, rC+ Str+4 Dex-5}
   (You found it on level 3 of the Dungeon)

   Str:       It affects your strength (+4).
   Dex:       It affects your dexterity (-5).
   rC:        It protects you from cold.
Missiles
 o - 2 poisoned darts
 q - 12 javelins
Armour
 b - a +0 scale mail (worn)
 c - a +0 buckler (worn)
 g - a +2 helmet (worn)
 i - a +0 cloak (worn)
 A - a +1 pair of boots (worn)
Jewellery
 h - a ring of fire
 k - a ring of positive energy (left hand)
 v - a ring of protection from fire (right hand)
 C - a ring of protection from cold
 E - a +6 ring of strength
Wands
 s - a wand of paralysis (8)
Scrolls
 l - 3 scrolls of identify
 p - 3 scrolls of vulnerability
 r - 2 scrolls of teleportation
 t - a scroll of noise {unknown}
 w - a scroll of enchant weapon {unknown}
 y - a scroll of blinking {unknown}
 B - a scroll of poison
Potions
 d - 2 potions of might
 e - 6 potions of curing
 f - 4 potions of haste
 j - a potion of berserk rage
 m - 4 potions of heal wounds {unknown}
 n - 2 potions of enlightenment {unknown}
 u - a potion of mutation {unknown}
 z - a potion of invisibility {unknown}
 D - a potion of cancellation {unknown}


   Skills:
 + Level 7.1 Fighting
 * Level 7.6 Axes
 - Level 3.2 Armour
 - Level 3.2 Shields


You had 7 spell levels left.
You didn't know any spells.
Your spell library contained the following spells:

 Spells                   Type           Power      Damage    Failure   Level
 Freeze                   Ice            0%         1d3       78%         1
 Slow                     Hex            0%         N/A       78%         1
 Blink                    Tloc           0%         N/A       89%         2
 Lesser Beckoning         Tloc           0%         N/A       89%         2
 Momentum Strike          Conj/Tloc      0%         3d8       89%         2
 Call Canine Familiar     Summ           0%         N/A       98%         3
 Confusing Touch          Hex            0%         N/A       98%         3
 Frozen Ramparts          Ice            0%         1d1       98%         3
 Hailstorm                Conj/Ice       0%         3d3       98%         3
 Portal Projectile        Hex/Tloc       0%         N/A       98%         3
 Vampiric Draining        Necr           0%         2d6       98%         3
 Leda's Liquefaction      Hex/Erth       0%         N/A       100%        4


Dungeon Overview and Level Annotations

Branches:
Dungeon (6/15)            Ossuary (visited)
 Temple: D:4-7

Altars:
Sif Muna
Yredelemnul

Shops:
D:1 :

Annotations:
D:3 1 runed translucent door, Drazool's ghost, amateur OgFi
D:5 1 runed translucent door, AwFulAwFulPlayer's ghost, amateur DrWn
D:6 3 runed translucent doors, bakla's ghost, novice DsSh


Innate Abilities, Weirdness & Mutations

You are immune to sickness and miasma.
Your stone body is resilient. (AC +5)
You are immune to poison.
You resist negative energy. (rN+)
You are resistant to electric shocks. (rElec)
You are resistant to unholy torment.
You are immune to petrification.


Message History

You are too injured to fight recklessly!
You are too injured to fight recklessly!
You are too injured to fight recklessly!
You are too injured to fight recklessly!
You are too injured to fight recklessly!
You are too injured to fight recklessly!
You are too injured to fight recklessly!
You are too injured to fight recklessly!
You are too injured to fight recklessly!
You are too injured to fight recklessly!
You are too injured to fight recklessly!
You are too injured to fight recklessly!
You are too injured to fight recklessly!
You are too injured to fight recklessly!
You are too injured to fight recklessly!
Unknown command.
You closely miss the orc. The orc hits you with a +0 hand axe.
You completely miss the orc. The orc barely misses you.
The orc priest invokes the aid of Beogh against you.
Beogh smites you!
* * * LOW HITPOINT WARNING * * *
You slash the orc!
You kill the orc!
The orc priest looks encouraged for a moment.
The orc priest invokes the aid of Beogh against you.
Beogh smites you!
* * * LOW HITPOINT WARNING * * *
You barely miss the orc priest.
The orc priest hits you with a +0 dagger of flaming.
* * * LOW HITPOINT WARNING * * *
You slash the orc priest!
You kill the orc priest!
You barely miss the orc priest. You block the orc priest's attack.
You hit the orc priest but do no damage.
The orc priest hits you with a +0 short sword.
* * * LOW HITPOINT WARNING * * *
You closely miss the orc priest.
The orc priest mumbles some strange prayers to Beogh against you.
Beogh smites you!
You die...

# #.......# #
#.......# #
#.......#
####.......#
...........#
####.......#
#.......#
#.>.....#########.#
##...........@og..#
#..###########.#.#
#..# # #..# #..#
#####..# .......#
##### #..###'####
#.# #...#
..##......### #.#
#.#.#


You could see an orc priest and a gnoll.

Vanquished Creatures
  A steam dragon (D:6)
  A black bear (D:4)
  An ogre (D:6)
  2 scorpions
  2 water moccasin zombies (Ossuary)
  A hound (D:6)
  4 orc priests
  A gnoll bouda (D:4)
  3 sleepcaps
  An orc wizard (D:5)
  2 killer bee zombies (D:6)
  2 mummies (Ossuary)
  9 gnolls
  7 adders
  A shadow imp (D:4)
  A white imp (D:3)
  2 ufetubi
  6 adder zombies (Ossuary)
  A worm (D:2)
  8 dart slugs
  18 orcs
  3 endoplasms
  3 giant cockroaches
  4 gnoll zombies (Ossuary)
  5 goblins
  8 hobgoblins
  7 jackals
  3 quokkas
  6 ball pythons
  5 bats
  A frilled lizard (D:2)
  4 hobgoblin zombies (Ossuary)
  4 kobolds
  10 kobold zombies (Ossuary)
  4 orc zombies (Ossuary)
  10 rats
151 creatures vanquished.

Notes
Turn   | Place    | Note
-------+----------+-------------------------------------------
     0 | D:1      | oldriver the Gargoyle Fighter began the quest for the Orb.
     0 | D:1      | Reached XP level 1. HP: 14/14 MP: 1/1
   109 | D:1      | Reached XP level 2. HP: 15/19 MP: 2/2
   156 | D:1      | Found Guquah's Book Shop.
   371 | D:1      | Reached XP level 3. HP: 18/24 MP: 3/3
   492 | D:1      | Found a faded altar of an unknown god.
  1180 | D:2      | Reached XP level 4. HP: 28/29 MP: 4/4
  1677 | D:3      | Reached XP level 5. HP: 34/34 MP: 5/5
  1843 | D:3      | Found a runed translucent door.
  2084 | D:3      | Identified the +11 sling of Ruination {elec, rC+ Str+4
                  | Dex-5}
  2112 | D:3      | Noticed Drazool's ghost (amateur OgFi)
  2150 | D:3      | Found a shimmering blue altar of Sif Muna.
  2396 | D:3      | Upgraded the game from 0.31-a0-180-g519b7de00c to
                  | 0.31-a0-233-g139696dc86
  2396 | D:3      | Upgraded the game from 0.31-a0-233-g139696dc86 to
                  | 0.31-a0-321-g19405a7a6a
  2576 | D:4      | Reached XP level 6. HP: 40/40 MP: 6/6
  2641 | D:4      | Reached skill level 5 in Fighting
  2695 | D:4      | Reached skill level 5 in Axes
  2797 | D:5      | Entered Level 5 of the Dungeon
  2890 | D:5      | Found a sand-covered staircase.
  2894 | Ossuary  | Entered an ossuary
  3011 | Ossuary  | Reached XP level 7. HP: 44/44 MP: 7/7
  3921 | D:5      | Found a runed translucent door.
  3926 | D:5      | Noticed AwFulAwFulPlayer's ghost (amateur DrWn)
  4746 | D:6      | Found a runed translucent gate.
  4746 | D:6      | Found a runed translucent gate.
  4746 | D:6      | Found a runed translucent gate.
  4746 | D:6      | Noticed bakla's ghost (novice DsSh)
  4748 | D:6      | Found a basalt altar of Yredelemnul.
  4762 | D:6      | Reached XP level 8. HP: 52/52 MP: 8/8
  5186 | D:6      | HP: 2/53 [orc priest/+0 dagger of flaming (2)]
  5190 | D:6      | Killed from afar by an orc priest

Illustrated notes

Levels and vault maps discovered:
D:1:      matt_arrival_spirals, layout_basic, chequers_ecumenical_altar_grove,
          serial_shops, shop
D:2:      layout_loops_ring, cheibrodos_gnoll_hut
D:3:      layout_rooms, mainiacjoe_overflow_brackets,
          hellmonk_ghost_happy_afterlife
D:4:      layout_basic, kennysheep_generic_room_10
D:5:      layout_basic, enter_ossuary_5, ebering_ghost_sewer_d
D:6:      layout_basic, nicolae_yredelemnul_ghost_church,
          nicolae_overflow_macrodata_refinement, hex_tiny, kennysheep_potato

Skill      XL: |  1  2  3  4  5  6  7  8 |
---------------+-------------------------+-----
Axes           | 2 3 4 5 6 7 |  7.6
Fighting       | 4 5 6 7 |  7.1
Armour         | |  3.2
Shields        | |  3.2

Action                     |  1- 3 |  4- 6 |  7- 9 || total
---------------------------+-------+-------+-------++-------
  Melee: War axe           |    74 |   258 |   182 ||   514
    Use: Scroll            |       |    10 |     1 ||    11
         Potion            |       |       |     2 ||     2
 Armour: Scale mail        |    44 |   169 |   131 ||   344
  Dodge: Dodged            |    33 |   135 |    85 ||   253
  Block: Buckler           |     7 |    42 |    40 ||    89

Table legend: (Time is in decaauts)
 A = Elapsed time spent in this place.
 B = Non-inter-level travel time spent in this place.
 C = Inter-level travel time spent in this place.
 D = Time resting spent in this place.
 E = Time spent auto-exploring this place.
 F = Levels seen in this place.
 G = Mean time per level.
                   A        B        C        D        E       F      G
               +--------+--------+--------+--------+--------+-----+--------+
         Total |   5345 |   5012 |    333 |    326 |   3418 |   7 |  763.6 |
       Dungeon |   5050 |   4717 |    333 |    326 |   3273 |   6 |  841.7 |
       Ossuary |    294 |    294 |      0 |      0 |    145 |   1 |  294.0 |
               +--------+--------+--------+--------+--------+-----+--------+

Top non-repeatable levels by time:
     D:4: 1115 daAuts
     D:2: 883 daAuts
     D:3: 872 daAuts
     D:1: 848 daAuts
     D:5: 830 daAuts
     D:6: 500 daAuts
 Ossuary: 294 daAuts
